 Dungeon Crawl Stone Soup version 0.30-a0-335-ge5acde7520 (webtiles) character file.

Game seed: 12691559723318918058

2605 hikkokomori the Chiller (level 9, 0/73 HPs)
             Began as a Demigod Ice Elementalist on Oct 31, 2022.
             Engulfed by a steam dragon's steam (9 damage)
             ... on level 6 of the Dungeon.
             The game lasted 00:14:45 (5717 turns).

hikkokomori the Chiller (Demigod Ice Elementalist)  Turns: 5717, Time: 00:14:46

Health: 0/73       AC: 20    Str:  9    XL:     9   Next: 12%
Magic:  15/18      EV: 12    Int: 29    God:
Gold:   390        SH:  0    Dex: 14    Spells: 5/16 levels left

rFire   x . .      SeeInvis .    o - +3 dagger (venom)
rCold   + . .      Faith    .    (no shield)
rNeg    . . .      Spirit   .    a - +0 robe
rPois   .          Reflect  .    k - +0 helmet
rElec   .          Harm     .    (no cloak)
rCorr   .          Rampage  .    t - +0 pair of gloves
Will    .....      Clarity  +    (no boots)
Stlth   ++........               (no amulet)
HPRegen 0.32/turn                l - +4 ring of protection
MPRegen 0.16/turn                n - ring of ice

@: ice-armoured, about to teleport
A: high MP 1, forlorn, divine attributes, iridescent scales 1, clarity
a: no special abilities


You were on level 6 of the Dungeon.
You visited 1 branch of the dungeon, and saw 6 of its levels.
You also visited: Sewer.

You collected 390 gold pieces.

Inventory:

Hand Weapons
 o - a +3 dagger of venom (weapon)
Missiles
 v - 5 atropa-tipped darts
Armour
 a - a +0 robe (worn)
 k - a +0 helmet (worn)
 t - a +0 pair of gloves (worn)
Magical Staves
 B - a staff of conjuration
 C - a staff of fire
Jewellery
 i - a ring of fire
 l - a +4 ring of protection (left hand)
 n - a ring of ice (right hand)
 y - a ring of protection from cold
 E - a +6 ring of intelligence
 J - a ring of flight
Wands
 g - a wand of quicksilver (13)
 z - a wand of paralysis (7)
Scrolls
 e - 2 scrolls of enchant weapon
 m - 2 scrolls of poison
 p - a scroll of amnesia {unknown}
 s - a scroll of magic mapping {unknown}
 w - a scroll of fear {unknown}
 x - a scroll of butterflies
 D - a scroll of brand weapon {unknown}
 F - a scroll of silence {unknown}
 I - 2 scrolls of summoning {unknown}
Potions
 b - a potion of magic
 d - 2 potions of haste {unknown}
 f - 2 potions of curing
 h - 3 potions of berserk rage
 j - a potion of flight {unknown}
 q - a potion of attraction
 r - a potion of might
 u - a potion of heal wounds {unknown}
 A - 2 potions of brilliance
 G - 2 potions of mutation
 H - a potion of resistance {unknown}
 K - a potion of lignification {unknown}


   Skills:
 + Level 4.9 Fighting
 - Level 1.7 Dodging
 - Level 1.7 Stealth
 - Level 4.1 Spellcasting
 + Level 4.8 Summonings
 + Level 7.5 Ice Magic
 + Level 4.7 Evocations


You had 5 spell levels left.
You knew the following spells:

 Your Spells              Type           Power      Damage    Failure   Level
a - Freeze                Ice            100%       1d10      1%          1
b - Frozen Ramparts       Ice            100%       1d16      1%          3
c - Ozocubu's Armour      Ice            65%        N/A       1%          3
d - Summon Ice Beast      Ice/Summ       58%        N/A       5%          4

Your spell library contained the following spells:

 Spells                   Type           Power      Damage    Failure   Level


Dungeon Overview and Level Annotations

Branches:
Dungeon (6/15)              Sewer (visited)
 Temple: D:4-7

Shops:
D:2 =   D:4 *


Innate Abilities, Weirdness & Mutations

You have an increased reservoir of magic. (+10% MP)
You shall have no god before yourself.
Your divine heritage dramatically boosts your attributes as you level up.
You are partially covered in iridescent scales. (AC +2)
You possess an exceptional clarity of mind.


Message History

The steam dragon breathes steam at you. The ball of steam misses you.
You hit the steam dragon but do no damage.
The steam dragon looks as sick as possible!
The steam dragon is lightly wounded.
You are engulfed in a cloud of scalding steam.
The steam dragon misses you. The steam dragon claws you.
The black bear closely misses you.
The black bear claws you but does no damage. x2
As you read the scroll of teleportation, it crumbles to dust.
You feel strangely unstable.
You are engulfed in a cloud of scalding steam.
The steam dragon bites you.
The steam dragon claws you but does no damage.
The black bear bites you. The black bear claws you.
The black bear claws you but does no damage.
The steam dragon bites you.
The steam dragon claws you but does no damage.
Casting: Ozocubu's Armour (safe; 1% risk of failure)
Confirm with . or Enter, or press ? or * to list all spells.
You feel a surge of power! A film of ice covers your body!
The steam dragon bites you but does no damage.
The steam dragon claws you but does no damage.
The black bear bites you but does no damage.
The black bear closely misses you.
The black bear claws you but does no damage.
You hit the steam dragon.
The steam dragon looks as sick as possible!
The steam dragon is severely wounded.
The steam dragon breathes steam at you. The ball of steam hits you!
The steam scalds you terribly!
* * * LOW HITPOINT WARNING * * *
The black bear barely misses you. The black bear closely misses you.
The black bear claws you but does no damage.
The heat melts your icy armour.
It was a potion of mutation.
You feel extremely strange.
Iridescent scales grow over part of your body.
Your thoughts seem clearer.
You are engulfed in a cloud of scalding steam.
You die...

........ .......
#...... #....##
############..#####
#............##
#.........###
#..D......#
#.@.......#
#ยง.h........
#.........#..
#.........####
#.........#
###########


You could see a steam dragon (extremely poisoned, catching breath) and a black
bear.

Vanquished Creatures
  Pikel (D:5)
  Prince Ribbit (D:5)
  Sigmund (D:4)
  Edmund (D:4)
  2 ogres
  2 centaurs (D:6)
  2 lemures (D:5)
  3 phantoms
  2 kobold brigands (Sewer)
  A scorpion (D:5)
  A jelly (D:5)
  A hound (D:4)
  3 orc priests
  Jessica (D:2)
  Natasha (thrice) (D:4)
  An iguana (D:5)
  6 orc wizards
  Robin (D:2)
  6 adders
  7 gnolls
  An ufetubus (D:6)
  5 worms
  3 dart slugs
  18 orcs
  9 ball pythons
  4 bats
  7 endoplasms
  2 giant cockroaches
  8 goblins
  10 hobgoblins
  4 jackals
  13 kobolds
  4 quokkas
  A frilled lizard (D:1)
  29 rats
164 creatures vanquished.

Vanquished Creatures (collateral kills)
  Eustachio (D:5)
  An ogre (D:4)
2 creatures vanquished.

Vanquished Creatures (others)
  A plant (D:6)
1 creature vanquished.

Grand Total: 167 creatures vanquished

Notes
Turn   | Place    | Note
-------+----------+-------------------------------------------
     0 | D:1      | hikkokomori the Demigod Ice Elementalist began the quest
                  | for the Orb.
     0 | D:1      | Reached XP level 1. HP: 14/14 MP: 5/5
   590 | D:1      | Reached XP level 2. HP: 12/20 MP: 2/7
   764 | D:1      | Reached skill level 4 in Ice Magic
  1015 | D:2      | Noticed Jessica
  1019 | D:2      | Killed Jessica
  1020 | D:2      | Reached XP level 3. HP: 25/26 MP: 5/9
  1243 | D:2      | Noticed Robin
  1424 | D:2      | Killed Robin
  1613 | D:2      | Found Raimaw's Jewellery Emporium.
  1621 | D:2      | Reached XP level 4. HP: 31/33 MP: 8/11
  1699 | D:2      | Learned a level 3 spell: Frozen Ramparts
  1703 | D:2      | Learned a level 3 spell: Ozocubu's Armour
  2187 | D:3      | Reached skill level 5 in Ice Magic
  2187 | D:3      | Reached XP level 5. HP: 37/38 MP: 9/13
  2849 | D:3      | Reached XP level 6. HP: 36/45 MP: 12/15
  2854 | D:3      | Learned a level 4 spell: Summon Ice Beast
  2984 | D:4      | Noticed Natasha
  2989 | D:4      | Killed Natasha
  2990 | D:4      | Reached skill level 1 in Fighting
  2990 | D:4      | Reached skill level 1 in Summonings
  3069 | D:4      | Noticed Edmund
  3084 | D:4      | Noticed Natasha
  3088 | D:4      | Killed Edmund
  3089 | D:4      | Reached skill level 1 in Evocations
  3089 | D:4      | Reached XP level 7. HP: 53/53 MP: 16/16
  3101 | D:4      | Killed Natasha
  3218 | D:4      | Noticed Natasha
  3226 | D:4      | Killed Natasha
  3308 | D:4      | Noticed Sigmund
  3433 | D:4      | Killed Sigmund
  3434 | D:4      | Reached skill level 6 in Ice Magic
  3468 | D:4      | Found Omoes's Overcharged Wands.
  3675 | D:5      | Entered Level 5 of the Dungeon
  3678 | D:5      | Found a glowing drain.
  3768 | Sewer    | Entered a sewer
  4414 | D:5      | Reached XP level 8. HP: 63/63 MP: 12/17
  4768 | D:5      | Noticed Pikel
  4779 | D:5      | Killed Pikel
  4780 | D:5      | Reached skill level 7 in Ice Magic
  5133 | D:5      | Noticed Eustachio
  5145 | D:5      | Killed Eustachio
  5284 | D:5      | Noticed Prince Ribbit
  5293 | D:5      | Killed Prince Ribbit
  5585 | D:5      | Reached XP level 9. HP: 70/72 MP: 18/18
  5717 | D:6      | Gained mutation: You are partially covered in iridescent
                  | scales. (AC +2) [potion of mutation]
  5717 | D:6      | Gained mutation: You possess an exceptional clarity of
                  | mind. [potion of mutation]
  5717 | D:6      | Engulfed by a steam dragon's steam

Illustrated notes

Levels and vault maps discovered:
D:1:      dpeg_arrival_ternary, layout_loops_ring, dreamdust_mushroom_princess,
          minmay_misc_feat_pillars, amcnicky_mini_rare_corridor_liquid,
          minmay_fountain_box
D:2:      layout_basic, serial_shops, shop, minmay_heptomino_h4, uniq_jessica,
          uniq_robin
D:3:      layout_rooms, shapermc_ecumenical_altar_pompeii, minmay_rat_hole
D:4:      layout_rooms, kennysheep_little_box, nicolae_shop_overcharged_wands,
          uniq_edmund, uniq_sigmund, uniq_natasha
D:5:      layout_cave_pods, mainiacjoe_overflow_surrounded_room,
          cheibrodos_sewer_entry_bend, uniq_pikel, uniq_eustachio,
          uniq_prince_ribbit1
D:6:      corexii_shack_village, layout_rooms, dreamdust_wishing_well,
          serial_park_tiny_pond

Skill      XL: |  1  2  3  4  5  6  7  8 |
---------------+-------------------------+-----
Spellcasting   | 2 3 4 |  4.1
Ice Magic      | 4 5 6 7 |  7.5
Fighting       | 1 3 4 |  4.9
Summonings     | 1 3 4 |  4.8
Evocations     | 1 3 4 |  4.7
Dodging        | |  1.7
Stealth        | |  1.7

Action                   |  1- 3 |  4- 6 |  7- 9 || total
-------------------------+-------+-------+-------++-------
Melee: Unarmed           |    20 |     5 |       ||    25
       Dagger            |       |    76 |   148 ||   224
       Punch             |       |       |     3 ||     3
 Cast: Freeze            |    59 |    14 |    50 ||   123
       Frozen Ramparts   |       |    11 |     7 ||    18
       Ozocubu's Armour  |       |     3 |     5 ||     8
       Summon Ice Beast  |       |     1 |     2 ||     3
Evoke: Wand              |       |     6 |     7 ||    13
  Use: Potion            |       |     1 |     3 ||     4
       Scroll            |       |       |    10 ||    10
 Stab: Sleeping          |       |     1 |     1 ||     2
       Paralysed         |       |     9 |       ||     9
Armor: Robe              |    22 |    34 |   101 ||   157
Dodge: Dodged            |    40 |    54 |   137 ||   231

Table legend: (Time is in decaauts)
 A = Elapsed time spent in this place.
 B = Non-inter-level travel time spent in this place.
 C = Inter-level travel time spent in this place.
 D = Time resting spent in this place.
 E = Time spent auto-exploring this place.
 F = Levels seen in this place.
 G = Mean time per level.
                   A        B        C        D        E       F      G
               +--------+--------+--------+--------+--------+-----+--------+
         Total |   5802 |   5637 |    165 |    703 |   3634 |   7 |  828.9 |
       Dungeon |   5214 |   5049 |    165 |    703 |   3244 |   6 |  869.0 |
         Sewer |    587 |    587 |      0 |      0 |    389 |   1 |  587.0 |
               +--------+--------+--------+--------+--------+-----+--------+

Top non-repeatable levels by time:
     D:5: 1394 daAuts
     D:1: 1268 daAuts
     D:3: 888 daAuts
     D:2: 858 daAuts
     D:4: 663 daAuts
   Sewer: 587 daAuts
     D:6: 142 daAuts
